 Dungeon Crawl Stone Soup version 0.19-b1-3-g7dea586 (webtiles) character file.

539 tv1990 the Cleaver (level 7, -5/46 HPs)
             Began as a Formicid Monk on Oct 28, 2016.
             Shot with an arrow by a centaur (12 damage)
             ... on level 8 of the Dungeon.
             The game lasted 00:19:14 (4629 turns).

tv1990 the Cleaver (Formicid Monk)                  Turns: 4629, Time: 00:19:15

Health: -5/46      AC:  4    Str: 16    XL:     7   Next: 51%
Magic:  7/7        EV: 10    Int:  9    God:
Gold:   305        SH:  0    Dex: 15    Spells: 0 memorised, 6 levels left

rFire  . . .     SeeInvis +     a - +1 hand axe
rCold  . . .     Gourm    .     d - +1 scale mail
rNeg   . . .     Faith    .     (no shield)
rPois  .         Spirit   .     (helmet unavailable)
rElec  .         Reflect  .     (no cloak)
rCorr  +         Harm     .     (no gloves)
MR     +....                    (no boots)
Stlth  +.........               (no amulet)
                                n - ring of resist corrosion
                                g - ring of protection from magic

@: no status effects
A: permanent stasis, dig shafts and tunnels, four strong arms, antennae 3,
talons 1, deformed body, frail 1
a: Dig, Shaft Self


You were on level 8 of the Dungeon.
You were not hungry.

You visited 1 branch of the dungeon, and saw 6 of its levels.
You also visited: Sewer.

You collected 305 gold pieces.

Inventory:

Hand Weapons
 a - a +1 hand axe (weapon)
 o - a +0 whip
 s - a +0 whip
Armour
 b - a +0 robe
 d - a +1 scale mail (worn)
 f - a +0 chain mail
Jewellery
 g - a ring of protection from magic (left hand)
 n - a ring of resist corrosion (right hand)
Scrolls
 h - a scroll of immolation {unknown}
 i - 2 scrolls of identify
 l - a scroll of recharging
 q - a scroll of fear
Potions
 e - a potion of flight
 r - a potion of magic {unknown}
 u - a potion of brilliance
 v - a potion of haste {unknown}
Comestibles
 c - 3 bread rations
 j - a chunk of flesh
 k - 2 meat rations


   Skills:
 - Level 3.2 Fighting
 + Level 8.1 Axes
 - Level 2.6 Dodging
 - Level 2.4 Stealth


You had 6 spell levels left.
You didn't know any spells.

Dungeon Overview and Level Annotations

Branches:
Dungeon (5/15)
 Temple: D:4-7

Altars:
Xom

Annotations:
D:5 Grinder


Innate Abilities, Weirdness & Mutations

You are under a permanent stasis effect.
You can dig through walls and to a lower floor.
Your four strong arms can wield two-handed weapons with a shield.
You have a pair of large antennae on your head. (SInv)
You have sharp toenails.
Armour fits poorly on your strangely shaped body.
You are frail. (-10% HP)


Message History

A centaur comes into view.
The centaur shouts!
The centaur wields a shortbow.
The centaur shoots an arrow.
The arrow hits you!
Found 13 gold pieces.
You see here an arrow.
The centaur shoots an arrow.
The arrow hits you.
The centaur shoots an arrow.
The arrow hits you.
You see here 2 arrows.
The centaur shoots an arrow.
The arrow closely misses you.
The centaur shoots an arrow.
The arrow hits you.
There is an open door here.
You see here an arrow.
There's something blocking the doorway.
The centaur shoots an arrow.
The arrow hits you!
* * * LOW HITPOINT WARNING * * *
You see here an arrow.
You open the door.
The centaur shoots an arrow.
The arrow hits you!
* * * LOW HITPOINT WARNING * * *
The centaur shoots an arrow.
The arrow hits you!
You die...

#.##.#.# .# #......# ..
####.### c$ { ##(## ##
##.c.## ### ##(.)..##
#.## ##.....(.## #
...####.........####...#
......'........(@.......
###.###>.......(####....
#.# ##.......## # #.#
##.....## #.# ##...##
#.# #...## ..# #...# ###
... .


You could see a centaur.

Vanquished Creatures
  4 crimson imps (D:4)
  3 hounds
  An orc wizard (D:5)
  2 worker ants (D:4)
  9 adders
  3 oozes
  4 worms
  2 dart slugs (D:3)
  9 leopard geckos
  8 orcs
  6 ball pythons
  9 giant cockroaches
  7 goblins
  7 hobgoblins
  18 jackals
  8 kobolds
  6 bats
  7 frilled lizards
  7 rats
  3 plants (Sewer)
123 creatures vanquished.

Vanquished Creatures (others)
  A plant (Sewer)
1 creature vanquished.

Grand Total: 124 creatures vanquished

Notes
Turn   | Place    | Note
-------+----------+-------------------------------------------
     0 | D:1      | tv1990 the Formicid Monk began the quest for the Orb.
     0 | D:1      | Reached XP level 1. HP: 18/18 MP: 1/1
    69 | D:1      | Reached XP level 2. HP: 21/24 MP: 2/2
   318 | D:1      | Reached skill level 4 in Axes
   318 | D:1      | Reached XP level 3. HP: 29/29 MP: 3/3
   915 | D:2      | Reached XP level 4. HP: 33/35 MP: 4/4
  1107 | D:2      | Reached skill level 5 in Axes
  1235 | D:3      | Reached XP level 5. HP: 37/41 MP: 5/5
  1372 | D:3      | Found a glowing drain.
  1382 | Sewer    | Entered a sewer
  2345 | D:3      | Reached skill level 6 in Axes
  2959 | D:4      | Found a shimmering altar of Xom.
  2988 | D:4      | Reached XP level 6. HP: 40/47 MP: 6/6
  3107 | D:4      | HP: 1/47 [orc/hand axe (4)]
  3236 | D:4      | Reached skill level 7 in Axes
  3446 | D:4      | Reached XP level 7. HP: 24/52 MP: 7/7
  4120 | D:5      | Entered Level 5 of the Dungeon
  4194 | D:5      | Gained mutation: You are frail. (-10% HP) [potion of mutation]
  4194 | D:5      | Gained mutation: Armour fits poorly on your strangely shaped body. [potion of mutation]
  4194 | D:5      | Gained mutation: You have sharp toenails. [potion of mutation]
  4476 | D:5      | Reached skill level 8 in Axes
  4508 | D:5      | Noticed Grinder
  4520 | D:5      | You fall through a shaft for 3 floors!
  4629 | D:8      | Shot with an arrow by a centaur

Skill      XL: |  1  2  3  4  5  6  7 |
---------------+----------------------+-----
Axes           | 4 5 6 7 8 |  8.1
Fighting       | |  3.2
Dodging        | |  2.6
Stealth        | |  2.4

Action                   |  1- 3 |  4- 6 |  7- 9 || total
-------------------------+-------+-------+-------++-------
Melee: Hand axe          |    92 |   574 |    77 ||   743
       Kick              |       |       |     5 ||     5
 Abil: Dig               |     1 |     5 |     2 ||     8
       Shaft Self        |       |       |     1 ||     1
  Use: Scroll            |     4 |     9 |     3 ||    16
       Potion            |       |     2 |     1 ||     3
 Stab: Sleeping          |     1 |       |       ||     1
       Invisible         |       |       |     2 ||     2
  Eat: Chunk             |       |    11 |     4 ||    15
Armor: Robe              |     1 |       |       ||     1
       Scale mail        |    38 |   186 |    27 ||   251
       Skin              |       |     2 |       ||     2
Dodge: Dodged            |    48 |   180 |    28 ||   256

Table legend:
 A = Turns spent in this place as a percentage of turns spent in the entire game.
 B = Non-inter-level travel turns spent in this place as a percentage of non-inter-level travel turns spent in the entire game.
 C = Inter-level travel turns spent in this place as a percentage of turns spent in this place.
 D = Turns resting spent in this place as a percentage of non-inter-level travel turns spent in this place.
 E = Turns spent auto-exploring this place as a percentage of non-inter-level travel turns spent in this place.
 F = Non-inter-level travel turns spent in this place divided by the number of levels of this place that you've seen.
                   A       B       C       D       E      F
               +-------+-------+-------+-------+-------+----------------------
         Total | 100.0 | 100.0 |   0.2 |   3.8 |  10.9 | 229.7
       Dungeon |  73.5 |  73.4 |   0.3 |   4.9 |  13.3 | 196.8
         Sewer |  26.5 |  26.6 |   0.0 |   0.7 |   4.4 | 427.0
               +-------+-------+-------+-------+-------+----------------------

Table legend:
 A = Kills in this place as a percentage of kills in entire the game.
 B = Kills by you in this place as a percentage of kills by you in the entire game.
 C = Kills by friends in this place as a percentage of kills by friends in the entire game.
 D = Other kills in this place as a percentage of other kills in the entire game.
 E = Experience gained in this place as a percentage of experience gained in the entire game.
 F = Experience gained in this place divided by the number of levels of this place that you have seen.
                   A       B       C       D       E      F
               +-------+-------+-------+-------+-------+----------------------
         Total | 100.0 | 100.0 |  -nan |  -nan | 100.0 | 110.1
       Dungeon |  85.0 |  85.0 |  -nan |  -nan |  93.4 | 120.0
         Sewer |  15.0 |  15.0 |  -nan |  -nan |   6.6 |  51.0
               +-------+-------+-------+-------+-------+----------------------

Vault maps used:
D:1:      dpeg_arrival_solitude, minivault_25
D:2:      first_bread, due_unseen_surprise
D:3:      portal_sewer_entry_f, minivault_14
D:4:      led_xom_imps
D:5:      hangedman_decor_lopped, uniq_grinder
D:8:      serial_shops, nicolae_shop_behind_doors, okawaru_altar_gauntlet_db,
          uniq_grum, uniq_erica
Sewer:    sewer_co_scattered_pipes
